 Dungeon Crawl Stone Soup version 0.31-a0-1308-ga3cce3a448 (webtiles) character file.

Game seed: 16120953396463839774

6836 Firecrotchwizard the Fighter (level 11, -2/86 HPs)
             Began as a Djinni Conjurer on Dec 19, 2023.
             Was an Initiate of Ashenzari.
             Slain by a cane toad (13 damage)
             ... on level 1 of the Lair of Beasts.
             The game lasted 00:30:54 (10279 turns).

Firecrotchwizard the Fighter (Djinni Conjurer)     Turns: 10279, Time: 00:30:55

Health: -2/86      AC:  8    Str:  8    XL:     11   Next: 26%
Gold:   390        EV: 15    Int: 23    God:    Ashenzari [......] SH:  0 Dex: 17

rFire   + + .        t - +4 trident (flame)
rCold   x . .        (no shield)
rNeg    . . .        F - +0 troll leather armour
rPois   ∞            E - +0 helmet
rElec   .            u - +2 cloak of the Wild Blue Yonder {Fort, Cun} (curse)
rCorr   .            b - +0 pair of gloves
SInv    .            (boots unavailable)
Will    +....        (no amulet)
Stlth   +++          x - +6 ring of dexterity
HPRegen 1.14/turn    (no ring)
MPRegen 0.00/turn

%: infuse magic (-3 HP)
@: flying
A: sickness immunity, fire resistance 2, cold vulnerability 1, float, innate
caster, HP casting, extra vitality 1
a: Renounce Religion, Shatter the Chains


You were on level 1 of the Lair of Beasts.
You worshipped Ashenzari.
Ashenzari was noncommittal.
You visited 3 branches of the dungeon, and saw 11 of its levels.

You collected 624 gold pieces.
You spent 234 gold pieces at shops.

Inventory:

Hand Weapons
 f - a +0 heavy flail
 j - the +0 morningstar "Mekhuler" {heavy, rElec Str+6 Dex-4}
   (You bought it in a shop on level 4 of the Dungeon)

   Str+6:     It affects your strength (+6).
   Dex-4:     It affects your dexterity (-4).
   rElec:     It insulates you from electricity.
 n - a +2 vampiric war axe
 s - a +0 dagger
 t - a +4 trident of flaming (weapon)
Missiles
 h - 21 poisoned darts
Armour
 a - a +0 robe
 b - a +0 pair of gloves (worn)
 l - a +0 cloak
 u - the cursed +2 cloak of the Wild Blue Yonder (worn) {Fort, Cun}
   (You found it on level 6 of the Dungeon)

   It has a curse which improves the following skills: Fortitude: Armour and
   Shields.
   Cunning:   Dodging and Stealth.
 E - a +0 helmet (worn)
 F - a +0 troll leather armour (worn)
Jewellery
 x - a +6 ring of dexterity (left hand)
Wands
 e - a wand of flame (23)
 v - a wand of digging (5)
 y - a wand of polymorph (12)
 C - a wand of light (2)
Scrolls
 c - a scroll of immolation
 i - 4 scrolls of identify
 m - 2 scrolls of noise
 w - a scroll of revelation
 D - a scroll of poison
Potions
 d - 2 potions of lignification
 g - a potion of curing
 k - 2 potions of enlightenment
 o - a potion of ambrosia {unknown}
 p - a potion of degeneration {unknown}
 q - a potion of resistance {unknown}
 r - a potion of might {unknown}
 z - a potion of haste {unknown}
 A - a potion of mutation {unknown}
 B - a potion of magic {unknown}


   Skills:
 * Level 10.6 Fighting
 + Level 6.4(6.8) Dodging
 + Level 5.3(5.7) Stealth
 * Level 8.2 Spellcasting
 * Level 8.2 Conjurations
 * Level 8.2 Hexes
   Level 0.0 Charms
 * Level 8.2 Summonings
 * Level 8.2 Necromancy
 * Level 8.2 Translocations
 * Level 8.2 Transmutations
 * Level 8.2 Fire Magic
 * Level 8.2 Ice Magic
 * Level 8.2 Air Magic
 * Level 8.2 Earth Magic
 * Level 8.2 Poison Magic


You knew the following spells:

 Your Spells              Type           Power      Damage    Failure   Level
a - Magic Dart            Conj           100%       1d8       1%          1
b - Searing Ray           Conj           94%        2d7       1%          2
c - Dazzling Flash        Conj/Hex       94%        N/A       1%          3
d - Fulminant Prism       Conj/Hex       23%        3d12      3%          4
e - Iskenderun's Mystic   Conj/Tloc      47%        2d10      3%          4
f - Kiss of Death         Conj/Necr      100%       2d13      1%          1
g - Wereblood             Tmut           47%        N/A       1%          2
h - Teleport Other        Tloc           47%        N/A       1%          3
i - Anguish               Hex/Necr       23%        N/A       3%          4
j - Arcjolt               Conj/Air       23%        1d33      10%         5
Your spell library was empty.

Dungeon Overview and Level Annotations

Branches:
Dungeon (9/15)             Temple (1/1) D:7            Lair (1/5) D:8
    Orc: D:9-12

Altars:
Ashenzari
Cheibriados
Dithmenos
Elyvilon
Fedhas
Gozag
Hepliaklqana
Makhleb
Nemelex Xobeh
Okawaru
Ru
Trog
Uskayaw
Wu Jian
Xom
Yredelemnul
Zin
The Shining One

Shops:
D:4 (


Innate Abilities, Weirdness & Mutations

You are immune to sickness and miasma.
You are immune to poison.
Your flesh is very heat resistant. (rF++)
You are vulnerable to cold. (rC-)
You float through the air rather than walking.
You learn spells naturally, not from books.
Your magical power is your life essence.
You have superior vitality. (+4 MHP)


Message History

Press: ? - help, Dir - move target You conjure a prism of explosive energy!
A fulminant prism comes into view.
The blink frog croaks.
You hear a howl!
A bullfrog comes into view.
A cane toad comes into view.
Your fulminant prism crackles loudly.
You reach to attack!
You completely miss the blink frog.
The blink frog hits you but does no damage.
A cane toad comes into view.
Your fulminant prism explodes!
The blast of energy engulfs the cane toad!!
The cane toad is severely wounded.
The blast of energy engulfs the bullfrog!!
You kill the bullfrog!
You hear a loud, deep croak! x2; You hear a shout!
Casting: Fulminant Prism (dangerous; 3% risk of failure)
Confirm with . or Enter, or press ? or * to list all spells.
Aiming: Fulminant Prism (dangerous; 3% risk of failure)
Press: ? - help, Dir - move target, p - blink frog You conjure a prism of explosive energy!
A fulminant prism comes into view.
The blink frog hits you!
The blink frog blinks!
You reach to attack!
You hit the cane toad but do no damage.
The cane toad is severely wounded.
A cane toad comes into view.
Your fulminant prism crackles loudly.
You puncture the cane toad! You burn the cane toad.
You kill the cane toad!
The cane toad stings your fulminant prism!
Your fulminant prism explodes!
The blast of energy engulfs the cane toad!
The cane toad is moderately wounded.
The blink frog hits you.
A cane toad comes into view.
You hear an angry hiss.
Casting: Fulminant Prism (dangerous; 3% risk of failure)
Confirm with . or Enter, or press ? or * to list all spells.
Aiming: Fulminant Prism (dangerous; 3% risk of failure)
Press: ? - help, Dir - move target
Okay, then.
Found a potion of enlightenment.
A wolf comes into view.
The blink frog closely misses you.
You see here a potion of enlightenment.
The blink frog blinks!
Casting: Fulminant Prism (dangerous; 3% risk of failure)
Confirm with . or Enter, or press ? or * to list all spells.
Aiming: Fulminant Prism (dangerous; 3% risk of failure)
Press: ? - help, Dir - move target You conjure a prism of explosive energy!
A fulminant prism comes into view.
Your fulminant prism crackles loudly.
You barely miss the cane toad. The cane toad closely misses you.
Your fulminant prism explodes!
The blast of energy engulfs the wolf!!
You kill the wolf!
The blast of energy engulfs the cane toad!!
You kill the cane toad!
The blast of energy engulfs the cane toad!!
The cane toad is heavily wounded.
You hear a shout!
Casting: Fulminant Prism (dangerous; 3% risk of failure)
Confirm with . or Enter, or press ? or * to list all spells.
Aiming: Fulminant Prism (dangerous; 3% risk of failure)
Press: ? - help, Dir - move target You conjure a prism of explosive energy!
A fulminant prism comes into view.
The cane toad misses you. The cane toad closely misses you.
You closely miss the cane toad.
The cane toad is heavily wounded.
The cane toad stings you but does no damage.
Your fulminant prism crackles loudly.
You hit the cane toad. You burn the cane toad.
The cane toad is heavily wounded.
The cane toad stings you!!
Your fulminant prism explodes!
The blast of energy engulfs the blink frog!
The blink frog is heavily wounded.
The blast of energy engulfs the cane toad!
The cane toad is moderately wounded.
The blast of energy engulfs the cane toad!
The cane toad is almost dead.
You hear an angry hiss.
You hit the cane toad but do no damage.
The cane toad is almost dead.
The cane toad stings you!!
* * * LOW HITPOINT WARNING * * *
The blink frog blinks!
The cane toad misses you. The cane toad closely misses you.
The blink frog blinks!
Casting: Fulminant Prism (dangerous; 3% risk of failure)
Confirm with . or Enter, or press ? or * to list all spells.
Aiming: Fulminant Prism (dangerous; 3% risk of failure)
Press: ? - help, Dir - move target You conjure a prism of explosive energy!
* * * LOW HITPOINT WARNING * * *
A fulminant prism comes into view.
The cane toad stings you!!
* * * LOW HITPOINT WARNING * * *
The cane toad stings you!
You die...

#..##.....# ##..##.....#
#....+.....# ..
####...####### ..#.
##♣♣P.#..#####.###....
#~♣~~............F.§#+##
#♣~~P....................
#P~~~............*.......
#PP~~~........@F.........
##♣♣~~........F.†.......
♣♣♣#....P..##!...##.
##..P..####..##
##..P#......##
#........##F#
##..##...##FF"
#..##....#h.≈≈≈
#..##...##...≈≈≈≈


You could see 2 cane toads, a blink frog and a friendly fulminant prism.

Vanquished Creatures
  2 cane toads (Lair:1)
  Jeremiah (D:7)
  Psyche (D:9)
  A troll (D:9)
  2 wyverns
  5 yaks (D:8)
  A steam dragon (D:8)
  A water moccasin (D:7)
  A sky beast (D:7)
  3 orc warriors
  3 ice beasts
  A wolf (Lair:1)
  4 ogres
  3 centaurs
  2 phantoms
  2 kobold brigands
  A gnoll sergeant (D:8)
  5 bullfrogs
  7 scorpions
  6 wights
  18 killer bees
  4 howler monkeys
  3 orc priests
  4 jellies
  A sleepcap (D:4)
  3 iguanas
  3 orc wizards
  7 gnolls
  6 adders
  2 white imps
  3 ufetubi
  4 worms
  6 dart slugs
  25 orcs
  8 ball pythons
  7 bats
  10 endoplasms
  4 giant cockroaches (D:1)
  9 goblins
  5 hobgoblins
  5 quokkas
  4 frilled lizards
  6 kobolds
  3 rats
202 creatures vanquished.

Vanquished Creatures (others)
  55 fulminant prisms
55 creatures vanquished.

Grand Total: 257 creatures vanquished

Notes
Turn   | Place    | Note
-------+----------+-------------------------------------------
     0 | D:1      | Firecrotchwizard the Djinni Conjurer began the quest for
                  | the Orb.
     0 | D:1      | Firecrotchwizard set off with the following spells
                  | memorised: Magic Dart, Searing Ray, Dazzling Flash,
                  | Fulminant Prism, Iskenderun's Mystic Blast.
     0 | D:1      | Reached XP level 1. HP: 15/15 MP: 0/0
    37 | D:1      | Reached XP level 2. HP: 10/22 MP: 0/0
   156 | D:1      | Reached skill level 1 in Fighting
   485 | D:1      | Reached XP level 3. HP: 22/27 MP: 0/0
   485 | D:1      | Learned a level 1 spell: Kiss of Death
   982 | D:1      | Reached skill level 2 in Fighting
  1184 | D:2      | Reached XP level 4. HP: 27/33 MP: 0/0
  2045 | D:3      | Found an opulent altar of Gozag.
  2066 | D:3      | Found a sacrificial altar of Ru.
  2143 | D:3      | Reached skill level 3 in Fighting
  2143 | D:3      | Reached XP level 5. HP: 21/30 MP: 0/0
  2143 | D:3      | Learned a level 2 spell: Wereblood
  2203 | D:3      | Found a glowing golden altar of the Shining One.
  2667 | D:4      | Reached XP level 6. HP: 23/45 MP: 0/0
  2914 | D:4      | Reached skill level 4 in Fighting
  2951 | D:4      | Noticed an ogre
  2963 | D:4      | Killed an ogre
  2964 | D:4      | Reached skill level 5 in Spellcasting
  2964 | D:4      | Reached skill level 5 in Conjurations
  2964 | D:4      | Reached skill level 5 in Hexes
  2964 | D:4      | Reached skill level 5 in Summonings
  2964 | D:4      | Reached skill level 5 in Necromancy
  2964 | D:4      | Reached skill level 5 in Translocations
  2964 | D:4      | Reached skill level 5 in Transmutations
  2964 | D:4      | Reached skill level 5 in Fire Magic
  2964 | D:4      | Reached skill level 5 in Ice Magic
  2964 | D:4      | Reached skill level 5 in Air Magic
  2964 | D:4      | Reached skill level 5 in Earth Magic
  2964 | D:4      | Reached skill level 5 in Poison Magic
  2964 | D:4      | Reached XP level 7. HP: 15/53 MP: 0/0
  2964 | D:4      | Learned a level 3 spell: Teleport Other
  3202 | D:4      | Found Zudodgh's Antique Weapon Emporium.
  3238 | D:4      | Reached skill level 5 in Fighting
  3455 | D:4      | Bought a jewelled morningstar for 234 gold pieces
  3455 | D:4      | Identified the +0 morningstar "Mekhuler" {heavy, rElec
                  | Str+6 Dex-4} (You bought it in a shop on level 4 of the
                  | Dungeon)
  3606 | D:4      | Reached XP level 8. HP: 53/61 MP: 0/0
  3829 | D:5      | Entered Level 5 of the Dungeon
  3937 | D:5      | Reached skill level 6 in Fighting
  4817 | D:6      | Reached skill level 7 in Fighting
  5278 | D:6      | Reached XP level 9. HP: 59/68 MP: 0/0
  5278 | D:6      | Learned a level 4 spell: Anguish
  6259 | D:7      | Reached skill level 8 in Fighting
  6262 | D:7      | Noticed Jeremiah
  6275 | D:7      | Killed Jeremiah
  6831 | D:7      | Found a staircase to the Ecumenical Temple.
  6858 | Temple   | Entered the Ecumenical Temple
  6877 | Temple   | Became a worshipper of Ashenzari the Shackled
  7383 | D:7      | Reached XP level 10. HP: 41/77 MP: 0/0
  7564 | D:8      | Found a flagged portal.
  7590 | D:8      | Reached skill level 9 in Fighting
  7592 | D:8      | Reached skill level 5 in Dodging
  8765 | D:8      | Found a hazy altar of Hepliaklqana.
  8931 | D:8      | Found a shimmering altar of Xom.
  9046 | D:8      | Found a staircase to the Lair.
  9294 | D:9      | Reached skill level 10 in Fighting
  9489 | D:9      | Noticed Psyche
  9496 | D:9      | Killed Psyche
  9497 | D:9      | Reached XP level 11. HP: 72/85 MP: 0/0
  9497 | D:9      | Learned a level 5 spell: Arcjolt
  9944 | D:9      | Reached skill level 5 in Stealth
 10225 | Lair:1   | Entered Level 1 of the Lair of Beasts
 10279 | Lair:1   | Slain by a cane toad

Illustrated notes

Levels and vault maps discovered:
D:1:      onia_arrival_pentagram, layout_basic
D:2:      layout_basic, solitary_fountain
D:3:      layout_loops_ring, mainiacjoe_overflow_surrounded_room,
          nicolae_overflow_crystal_walls, grunt_temple_overflow_open
D:4:      layout_basic, serial_shops, nicolae_shop_tiny_waterfront
D:5:      layout_rooms, corexii_leaking_fountain, nicolae_the_louvre
D:6:      layout_basic
D:7:      nicolae_cairo_tiling_large_dashed, layout_basic,
          minmay_temple_entry_antechambers, serial_rivers,
          chequers_serial_rivers_room_b, chequers_serial_rivers_micro_d,
          chequers_serial_rivers_micro_c, chequers_serial_rivers_micro_d,
          hangedman_decor_opposing, chequers_serial_rivers_large_b,
          minmay_fractal_squares_diagonal_5, uniq_jeremiah
D:8:      layout_loops_ring, mainiacjoe_overflow_alcove_4,
          mainiacjoe_overflow_24_doors, lair_entry_dummy, enter_bailey_4
D:9:      layout_irregular_city, uniq_psyche
Temple:   nicolae_temple_superstar
Lair:1:   layout_regular_city, amcnicky_mini_pool_medium, serial_bayou_shore_b,
          uniq_amaemon

Skill      XL: |  1  2  3  4  5  6  7  8  9 10 11 |
---------------+----------------------------------+-----
Fighting       | 1 2 3 4 5 7 8 10 | 10.6
Spellcasting   | 4 5 6 7 8 |  8.2
Conjurations   | 4 5 6 7 8 |  8.2
Hexes          | 4 5 6 7 8 |  8.2
Summonings     | 4 5 6 7 8 |  8.2
Necromancy     | 4 5 6 7 8 |  8.2
Translocations | 4 5 6 7 8 |  8.2
Transmutations | 4 5 6 7 8 |  8.2
Fire Magic     | 4 5 6 7 8 |  8.2
Ice Magic      | 4 5 6 7 8 |  8.2
Air Magic      | 4 5 6 7 8 |  8.2
Earth Magic    | 4 5 6 7 8 |  8.2
Poison Magic   | 4 5 6 7 8 |  8.2
Stealth        | 3 4 5 |  5.3
Dodging        | 4 5 6 |  6.4

Action                     |  1- 3 |  4- 6 |  7- 9 | 10-12 || total
---------------------------+-------+-------+-------+-------++-------
  Melee: Dagger            |    26 |     6 |       |       ||    32
         Punch             |       |     1 |     1 |     1 ||     3
         Morningstar       |       |       |    11 |       ||    11
         Flail             |       |       |     7 |       ||     7
         War axe           |       |       |    32 |       ||    32
         Trident           |       |       |    29 |   114 ||   143
   Cast: Magic Dart        |    62 |    67 |   108 |     5 ||   242
         Searing Ray       |     2 |    11 |    23 |     2 ||    38
         Kiss of Death     |       |     3 |     1 |       ||     4
         Dazzling Flash    |       |     1 |     2 |       ||     3
         Iskenderun's Myst |       |       |     1 |       ||     1
         Fulminant Prism   |       |       |    19 |    37 ||    56
 Invoke: Curse Item        |       |       |       |     1 ||     1
  Evoke: Wand              |       |       |     4 |       ||     4
    Use: Scroll            |       |     4 |     7 |     3 ||    14
 Armour: Robe              |    27 |    15 |   121 |    84 ||   247
         Skin              |       |       |       |     1 ||     1
         Troll leather arm |       |       |       |     8 ||     8
  Dodge: Dodged            |    21 |    19 |   108 |   122 ||   270

Table legend: (Time is in decaauts)
 A = Elapsed time spent in this place.
 B = Non-inter-level travel time spent in this place.
 C = Inter-level travel time spent in this place.
 D = Time resting spent in this place.
 E = Time spent auto-exploring this place.
 F = Levels seen in this place.
 G = Mean time per level.
                   A        B        C        D        E       F      G
               +--------+--------+--------+--------+--------+-----+--------+
         Total |  10356 |   9935 |    421 |   2641 |   5933 |  11 |  941.5 |
       Dungeon |  10262 |   9878 |    384 |   2641 |   5897 |   9 | 1140.2 |
        Temple |     38 |      1 |     37 |      0 |      0 |   1 |   38.0 |
          Lair |     55 |     55 |      0 |      0 |     36 |   1 |   55.0 |
               +--------+--------+--------+--------+--------+-----+--------+

Top non-repeatable levels by time:
     D:7: 1672 daAuts
     D:8: 1654 daAuts
     D:6: 1205 daAuts
     D:1: 1177 daAuts
     D:9: 1070 daAuts
     D:4: 1026 daAuts
     D:3: 962 daAuts
     D:5: 814 daAuts
     D:2: 677 daAuts
  Lair:1: 55 daAuts
  Temple: 38 daAuts
